 Dungeon Sprint DCSS version 0.24-a0-479-g9a978d2894 (webtiles) character file.

Game seed: 792266327893933696

177 emperorscorpion the Thaumaturge (level 5, 0/46 HPs)
             Began as an Octopode Air Elementalist on July 6, 2019.
             Slain by a hound (3 damage)
             ... in the Dungeon (Sprint IX: "|||||||||||||||||||||||||||||").
             The game lasted 00:00:39 (124 turns).

emperorscorpion the Thaumaturge (OpAE)               Turns: 124, Time: 00:00:40

Health: 0/46       AC:  1    Str: 13    XL:     5   Next: 57%
Magic:  2/17       EV: 13    Int: 17    God:
Gold:   0          SH:  0    Dex: 13    Spells: 23/24 levels left

rFire    . . .     SeeInvis .   (no weapon)
rCold    . . .     Gourm    .   (no shield)
rNeg     . . .     Faith    .   (helmet restricted)
rPois    .         Spirit   .   (no amulet)
rElec    .         Reflect  .   (no ring)
rCorr    .         Harm     .   (no ring)
MR       .....     NoTele   +   (no ring)
Stlth    ..........             (no ring)
HPRegen  0.15/turn              (no ring)
MPRegen  0.15/turn              (no ring)
                                (no ring)
                                (no ring)

@: berserking (expiring), very slightly contaminated, very quick
A: almost no armour, stealthy swim, amphibious, 8 rings, constrict 8, camouflage
1, gelatinous body 1
a: no special abilities


You were in the Dungeon.
You were not hungry.

You visited 1 branch

Inventory:

Scrolls
 h - a scroll of blinking
Potions
 c - a potion of curing
 e - a potion of haste
 f - 2 potions of magic
Comestibles
 a - 3 chunks of flesh
 b - a ration


   Skills:
 - Level 2.0 Dodging
 - Level 2.6 Stealth
 + Level 10.2 Spellcasting
 - Level 1.0 Conjurations
 - Level 3.0 Air Magic


You had 23 spell levels left.
You knew the following spells:

 Your Spells              Type           Power        Failure   Level  Hunger
a - Shock                 Conj/Air       ###.         3%          1    None

Your spell library contained the following spells:

 Spells                   Type           Power        Failure   Level  Hunger
 Swiftness                Chrm/Air       ##......     7%          2    None
 Static Discharge         Conj/Air       ###.....     11%         3    None
 Airstrike                Air            ###.......   24%         4    ###....
 Lightning Bolt           Conj/Air       ###.......   71%         5    #####..


Dungeon Overview and Level Annotations

Branches:
Dungeon (1/1)

Altars:


Innate Abilities, Weirdness & Mutations

You cannot wear most types of armour.
You are very stealthy in the water. (Stealth+)
You are amphibious.
You can wear up to eight rings at the same time.
You can use your tentacles to constrict eight enemies at once.
Your skin changes colour to match your surroundings (Stealth+).
Your rubbery body absorbs attacks. (AC +1, EV +1)


Message History

* * * LOW HITPOINT WARNING * * *
You tentacle-slap the phantom.
The phantom is severely damaged.
The hound misses you. The phantom hits you.
* * * LOW HITPOINT WARNING * * *
You tentacle-slap the phantom. Your squeeze misses the phantom.
The phantom is almost destroyed.
The hound bites you.
* * * LOW HITPOINT WARNING * * *
The phantom hits you.
* * * LOW HITPOINT WARNING * * *
You bludgeon the phantom!
You destroy the phantom!
Your Spellcasting skill gained 2 levels and is now at level 10!
You have reached level 5!
You feel agile. The hound barely misses you.
You barely miss the hound. Your grab misses the hound.
The hound is moderately wounded.
The hound bites you.
You die... ▓▓▓▓▓▓▓▓▓▓▓▓▓▓▓▓▓▓ +....h@.†..)÷...<▓ ▓▓▓▓▓▓▓▓▓▓▓▓▓▓▓▓▓▓

You could see a hound.

Vanquished Creatures
  A phantom (D)
  A centaur (D)
  A hobgoblin (D)
  A jackal (D)
  A kobold (D)
  A frilled lizard (D)
  A giant cockroach zombie (D)
  A goblin (D)
  A rat (D)
9 creatures vanquished.

Notes
Turn   | Place    | Note
-------+----------+-------------------------------------------
     0 | D        | emperorscorpion the Octopode Air Elementalist began the
                  | quest for the Orb.
     0 | D        | Reached XP level 1. HP: 11/11 MP: 3/3
     6 | D        | Reached skill level 3 in Spellcasting
   101 | D        | Noticed a hound
   101 | D        | Noticed a centaur
   101 | D        | Noticed a phantom
   111 | D        | Killed a centaur
   111 | D        | Reached skill level 8 in Spellcasting
   111 | D        | Reached XP level 2. HP: 17/17 MP: 0/11
   111 | D        | Reached XP level 3. HP: 21/21 MP: 0/12
   111 | D        | Reached XP level 4. HP: 27/27 MP: 0/14
   123 | D        | Killed a phantom
   123 | D        | Reached skill level 10 in Spellcasting
   123 | D        | Reached XP level 5. HP: 3/31 MP: 1/17
   124 | D        | Slain by a hound

Levels and vault maps discovered:
D:        linesprint [early_d, line_temple, items_1, d_10, items_2, lair_1,
          lair_end, items_3, orc_1, orc_end, items_4, d_15, swamp_1, shoals_1,
          snake_1, spider_1, d_20, vaults_1, items_5, swamp_end, shoals_end,
          snake_end, spider_end, vaults_end, d_27, items_6, zot_1, zot_end,
          crypt_end, forest_end, elf_end, slime_end, tomb_end, abyss_end,
          pan_hell_end]

Skill      XL: |  1  2  3  4 |
---------------+-------------+-----
Spellcasting   | 8 10 | 10.2
Dodging        | |  2.0
Stealth        | |  2.6
Conjurations   | |  1.0
Air Magic      | |  3.0

Action                   |  1- 3 |  4- 6 || total
-------------------------+-------+-------++-------
Melee: Unarmed           |     6 |    13 ||    19
       Tentacles         |     1 |     1 ||     2
       Constrict         |     1 |       ||     1
 Cast: Shock             |     6 |       ||     6
  Use: Potion            |     2 |       ||     2
Armor: Skin              |     1 |       ||     1
Dodge: Dodged            |     8 |     5 ||    13

Table legend:
 A = Non-vault XP
 B = Vault XP
 C = Vault XP percentage of total XP
 D = Non-vault monster count
 E = Vault monster count
 F = Vault count percentage of total count
                 A         B        C        D         E       F
            +---------+---------+-------+---------+---------+-------
      Total |       0 |     254 | 100.0 |       0 |       9 | 100.0
            +---------+---------+-------+---------+---------+-------
          D |       0 |     254 | 100.0 |       0 |       9 | 100.0
            +---------+---------+-------+---------+---------+-------
